3AAA
BLOOMINGTON LONGNECKS @ ALASKAN HUMPBACKS
09/12/2028
 
TOP OF THE 1ST
Bloomington Longnecks batting - Pitching for Alaskan Humpbacks : LHP Hervé Favier
Pitching: LHP Hervé Favier
Batting: RHB Gabrio Campoverde 0-0: Ball
1-0: Swinging Strike
1-1: Fly out, F7 (Line Drive, 7)
Batting: RHB Sean Davis 0-0: Ball
1-0: Foul Ball, location: 2F
1-1: Ball
2-1: Ball
3-1: Base on Balls
Batting: SHB Eddie Ménard 0-0: Ball
1-0: Called Strike
1-1: Reached on error, E4 (Groundball, 4)
Sean Davis to second
Batting: LHB Ray Anderson 0-0: Ball
1-0: Fly out, F8 (Flyball, 8LM)
Batting: RHB Carlos Cardona 0-0: DOUBLE (Line Drive, 9LM)
Sean Davis scores
Eddie Ménard to third
Runner from 3rd tries for Home, SAFE, no throw
Batting: LHB Luis Velázquez 0-0: Ball
1-0: Ball
2-0: Called Strike
2-1: 2-RUN HOME RUN (Flyball, 9LD), Distance : 360 ft
Batting: SHB Benedict Patel 0-0: SINGLE (Flyball, 89M)
Batting: RHB Frank Crocker Pickoff Throw to First - Out!
Top of the 1st over - 4 run(s), 3 hit(s), 1 error(s), 0 left on base; Bloomington 4 - Alaskan 0
BOTTOM OF THE 1ST
Alaskan Humpbacks batting - Pitching for Bloomington Longnecks : RHP Richard Sykes
Pitching: RHP Richard Sykes
Batting: LHB Miguel Martínez 0-0: Called Strike
0-1: Ground out 6-3 (Groundball, 6)
Batting: RHB Thom Beach 0-0: DOUBLE (Line Drive, 78D)
Batting: RHB Sacha Nieuwenburg 0-0: Foul Ball, location: 2F
0-1: Ball
1-1: Ball
2-1: Ball
3-1: Called Strike
3-2: Base on Balls
Batting: RHB Urs van Munster 0-0: Fly out, F9 (Flyball, 89S)
Batting: RHB Jack Peck 0-0: Swinging Strike
0-1: SINGLE (Groundball, 6MD)
Thom Beach to third
Sacha Nieuwenburg to second
Runner from 3rd tries for Home, throw and OUT!
Bottom of the 1st over - 0 run(s), 2 hit(s), 0 error(s), 2 left on base; Bloomington 4 - Alaskan 0
TOP OF THE 2ND
Bloomington Longnecks batting - Pitching for Alaskan Humpbacks : LHP Hervé Favier
Batting: RHB Frank Crocker 0-0: Swinging Strike
0-1: Ball
1-1: Ball
2-1: Ball
3-1: Fly out, F4 (Line Drive, 4)
Batting: LHB Shang-de Zhang 0-0: Called Strike
0-1: Foul Ball, location: 2F
0-2: Ball
1-2: Strikes out swinging
Batting: RHB Gabrio Campoverde 0-0: TRIPLE (Line Drive, 9LM)
Batting: RHB Sean Davis 0-0: Ball
1-0: Called Strike
1-1: Ball
2-1: Single, Error in OF, E8, batter to second base
Gabrio Campoverde scores
Batting: SHB Eddie Ménard 0-0: Swinging Strike
0-1: Ball
1-1: Swinging Strike
1-2: Ball
2-2: Foul Ball, location: 2F
2-2: Ball
3-2: Foul Ball, location: 2F
3-2: Strikes out swinging
Top of the 2nd over - 1 run(s), 2 hit(s), 1 error(s), 1 left on base; Bloomington 5 - Alaskan 0
BOTTOM OF THE 2ND
Alaskan Humpbacks batting - Pitching for Bloomington Longnecks : RHP Richard Sykes
Batting: SHB Kai-xi Choe 0-0: Swinging Strike
0-1: SINGLE (Groundball, 4MD)
Batting: RHB Jesús Amador 0-0: Ball
1-0: Called Strike
Kai-xi Choe is caught stealing 2nd base
1-1: Ball
2-1: Ball
3-1: Foul Ball, location: 2F
3-2: SINGLE (Line Drive, 7S)
Batting: LHB Kelly Drijver 0-0: Ball
1-0: Foul Ball, location: 2F
1-1: Called Strike
1-2: SINGLE (Line Drive, 78M)
Jesús Amador to second
Jesús Amador to third
Batting: RHB Michael Riley 0-0: Ball
Kelly Drijver steals 2nd base
1-0: Ball
2-0: Swinging Strike
2-1: Ground out 4-3 (Groundball, 4)
Jesús Amador scores
Kelly Drijver to third
Batting: LHB Miguel Martínez 0-0: Ground out 3-1 (Groundball, 34)
Bottom of the 2nd over - 1 run(s), 3 hit(s), 0 error(s), 1 left on base; Bloomington 5 - Alaskan 1
TOP OF THE 3RD
Bloomington Longnecks batting - Pitching for Alaskan Humpbacks : LHP Hervé Favier
Batting: LHB Ray Anderson 0-0: Called Strike
0-1: Foul Ball, location: 2F
0-2: Ball
1-2: Foul Ball, location: 2F
1-2: Fly out, F7 (Flyball, 7S)
Batting: RHB Carlos Cardona 0-0: Called Strike
0-1: Ball
1-1: Ball
2-1: Ball
3-1: Ground out 6-3 (Groundball, 6M)
Batting: LHB Luis Velázquez 0-0: SINGLE (Line Drive, 4MD)
Batting: SHB Benedict Patel 0-0: Ball
1-0: Called Strike
1-1: Fly out, F4 (Flyball, 34D)
Top of the 3rd over - 0 run(s), 1 hit(s), 0 error(s), 1 left on base; Bloomington 5 - Alaskan 1
BOTTOM OF THE 3RD
Alaskan Humpbacks batting - Pitching for Bloomington Longnecks : RHP Richard Sykes
Batting: RHB Thom Beach 0-0: Swinging Strike
0-1: Fly out, F9 (Flyball, 9S)
Batting: RHB Sacha Nieuwenburg 0-0: Foul Ball, location: 2F
0-1: Ball
1-1: Ground out 5-3 (Groundball, 56S)
Batting: RHB Urs van Munster 0-0: Swinging Strike
0-1: Ball
1-1: Ball
2-1: SINGLE (Line Drive, 89S)
Batting: RHB Jack Peck 0-0: Ball
1-0: Ball
2-0: Called Strike
2-1: Foul Ball, location: 2F
2-2: Strikes out swinging
Bottom of the 3rd over - 0 run(s), 1 hit(s), 0 error(s), 1 left on base; Bloomington 5 - Alaskan 1
TOP OF THE 4TH
Bloomington Longnecks batting - Pitching for Alaskan Humpbacks : LHP Hervé Favier
Batting: RHB Frank Crocker 0-0: Called Strike
0-1: Swinging Strike
0-2: Ball
1-2: Ball
2-2: Ball
3-2: Foul Ball, location: 2F
3-2: Base on Balls
Batting: LHB Shang-de Zhang 0-0: Called Strike
0-1: Ball
Frank Crocker is caught stealing 2nd base
1-1: Foul Ball, location: 2F
1-2: Ball
2-2: SINGLE (Flyball, 89S)
Batting: RHB Gabrio Campoverde 0-0: Ball
1-0: Foul Ball, location: 2F
1-1: Ball
Pickoff Throw to First - Out!
2-1: Called Strike
2-2: Foul Ball, location: 2F
2-2: Ball
3-2: Fly out, F9 (Flyball, 9)
Top of the 4th over - 0 run(s), 1 hit(s), 0 error(s), 0 left on base; Bloomington 5 - Alaskan 1
BOTTOM OF THE 4TH
Alaskan Humpbacks batting - Pitching for Bloomington Longnecks : RHP Richard Sykes
Batting: SHB Kai-xi Choe 0-0: Ball
1-0: Ball
2-0: Swinging Strike
2-1: Called Strike
2-2: Foul Ball, location: 2F
2-2: Fly out, F8 (Flyball, 8RD)
Batting: RHB Jesús Amador 0-0: Ball
1-0: Foul Ball, location: 2F
1-1: Ball
2-1: Ground out 5-3 (Groundball, 5)
Batting: LHB Kelly Drijver 0-0: DOUBLE (Line Drive, 9LS)
Batting: RHB Michael Riley 0-0: Fly out, F4 (Line Drive, 4)
Bottom of the 4th over - 0 run(s), 1 hit(s), 0 error(s), 1 left on base; Bloomington 5 - Alaskan 1
TOP OF THE 5TH
Bloomington Longnecks batting - Pitching for Alaskan Humpbacks : LHP Hervé Favier
Batting: RHB Sean Davis 0-0: Ground out 6-3 (Groundball, 6M)
Batting: SHB Eddie Ménard 0-0: Ball
1-0: Ball
2-0: Called Strike
2-1: Ball
3-1: Foul Ball, location: 2F
3-2: Base on Balls
Batting: LHB Ray Anderson 0-0: Called Strike
0-1: Ball
1-1: Foul Ball, location: 2F
1-2: SINGLE (Groundball, 34) (infield hit)
Eddie Ménard to second
Pitching: RHP Makoto Kato
Batting: RHB Carlos Cardona 0-0: Ball
1-0: Foul Ball, location: 2F
1-1: Called Strike
1-2: Foul Ball, location: 2F
1-2: Ball
2-2: Ball
3-2: Foul Ball, location: 2F
3-2: Foul Ball, location: 2F
3-2: Base on Balls
Eddie Ménard to third
Ray Anderson to second
Batting: LHB Luis Velázquez 0-0: SINGLE (Line Drive, 6MD)
Eddie Ménard scores
Ray Anderson to third
Carlos Cardona to second
Throwing error, E8
Ray Anderson scores
Carlos Cardona to third
Luis Velázquez to second
Batting: SHB Benedict Patel 0-0: Called Strike
0-1: Swinging Strike
0-2: SINGLE (Flyball, 89S)
Carlos Cardona scores
Luis Velázquez to third
Batting: RHB Frank Crocker 0-0: Foul Ball, location: 2F
0-1: Ball
1-1: Foul Ball, location: 2F
1-2: Ball
2-2: Fly out, F9 (Flyball, 9)
Runner from 3rd tags up, SCORES, throw made
Batting: LHB Shang-de Zhang 0-0: Fly out, F7 (Flyball, 78M)
Top of the 5th over - 4 run(s), 3 hit(s), 1 error(s), 1 left on base; Bloomington 9 - Alaskan 1
BOTTOM OF THE 5TH
Alaskan Humpbacks batting - Pitching for Bloomington Longnecks : RHP Richard Sykes
Batting: LHB Miguel Martínez 0-0: Foul Ball, location: 2F
0-1: Fly out, F3 (Popup, 3S)
Batting: RHB Thom Beach 0-0: Ball
1-0: Ball
2-0: Fly out, F7 (Flyball, 78D)
Batting: RHB Sacha Nieuwenburg 0-0: Ball
1-0: Foul Ball, location: 2F
1-1: Ball
2-1: Ground out 6-3 (Groundball, 6)
Bottom of the 5th over - 0 run(s), 0 hit(s), 0 error(s), 0 left on base; Bloomington 9 - Alaskan 1
TOP OF THE 6TH
Bloomington Longnecks batting - Pitching for Alaskan Humpbacks : RHP Makoto Kato
Batting: RHB Gabrio Campoverde 0-0: Swinging Strike
0-1: Ball
1-1: Ball
2-1: Ball
3-1: Base on Balls
Batting: RHB Sean Davis 0-0: Ball
1-0: Called Strike
1-1: Called Strike
1-2: SINGLE (Groundball, 4MD)
Gabrio Campoverde to second
Batting: SHB Eddie Ménard 0-0: Called Strike
0-1: Foul Ball, location: 2F
0-2: Ball
1-2: Foul Ball, location: 2F
1-2: Ball
2-2: SINGLE (Line Drive, 5L)
Gabrio Campoverde to third
Sean Davis to second
Batting: LHB Ray Anderson 0-0: Ball
1-0: Foul Ball, location: 2F
1-1: Called Strike
1-2: Foul Ball, location: 2F
1-2: Ball
2-2: Ball
Wild Pitch!
Gabrio Campoverde scores
Sean Davis to third
Eddie Ménard to second
3-2: Fly out, F7 (Flyball, 7S)
Batting: RHB Carlos Cardona 0-0: Ball
1-0: Ball
2-0: Called Strike
2-1: Ball
3-1: Base on Balls
Batting: LHB Luis Velázquez 0-0: Ball
1-0: SINGLE (Groundball, 6D)
Sean Davis scores
Eddie Ménard to third
Carlos Cardona to second
Runner from 3rd tries for Home, SAFE, throw made home
Carlos Cardona to third
Luis Velázquez to second
Pitching: RHP Delano Turnipseed
Batting: SHB Benedict Patel 0-0: Called Strike
0-1: Swinging Strike
0-2: DOUBLE (Line Drive, 5D)
Carlos Cardona scores
Luis Velázquez scores
Batting: RHB Frank Crocker 0-0: Ball
1-0: Ball
2-0: Swinging Strike
2-1: Ground out 6-3 (Groundball, 6)
Benedict Patel to third
Batting: LHB Shang-de Zhang 0-0: Fly out, F8 (Flyball, 8LD)
Top of the 6th over - 5 run(s), 4 hit(s), 0 error(s), 1 left on base; Bloomington 14 - Alaskan 1
BOTTOM OF THE 6TH
Alaskan Humpbacks batting - Pitching for Bloomington Longnecks : RHP Richard Sykes
Batting: RHB Urs van Munster 0-0: Ball
1-0: Called Strike
1-1: Ball
2-1: Ground out U3 (Groundball, 34S)
Batting: RHB Jack Peck 0-0: Called Strike
0-1: Ground out 5-3 (Groundball, 5S)
Batting: SHB Kai-xi Choe 0-0: Called Strike
0-1: Foul Ball, location: 2F
0-2: Foul Ball, location: 2F
0-2: Strikes out swinging
Bottom of the 6th over - 0 run(s), 0 hit(s), 0 error(s), 0 left on base; Bloomington 14 - Alaskan 1
TOP OF THE 7TH
Bloomington Longnecks batting - Pitching for Alaskan Humpbacks : RHP Delano Turnipseed
Batting: RHB Gabrio Campoverde 0-0: Called Strike
0-1: Ball
1-1: Ball
2-1: Fly out, F8 (Flyball, 8LD)
Batting: RHB Sean Davis 0-0: Ball
1-0: Foul Ball, location: 2F
1-1: Ground out 4-3 (Groundball, 4)
Batting: SHB Eddie Ménard 0-0: SINGLE (Groundball, 6S) (infield hit)
Batting: LHB Ray Anderson 0-0: Called Strike
0-1: Swinging Strike
0-2: Foul Ball, location: 2F
0-2: Ball
1-2: Foul Ball, location: 2F
1-2: Ball
2-2: Ground out 3-1 (Groundball, 34)
Top of the 7th over - 0 run(s), 1 hit(s), 0 error(s), 1 left on base; Bloomington 14 - Alaskan 1
BOTTOM OF THE 7TH
Alaskan Humpbacks batting - Pitching for Bloomington Longnecks : RHP Richard Sykes
Pinch Hitting: RHB José López 0-0: Called Strike
0-1: Ball
1-1: Ground out 5-3 (Groundball, 56S)
Batting: LHB Kelly Drijver 0-0: Ground out 4-3 (Groundball, 4)
Batting: RHB Michael Riley 0-0: Called Strike
0-1: Fly out, F8 (Flyball, 89S)
Bottom of the 7th over - 0 run(s), 0 hit(s), 0 error(s), 0 left on base; Bloomington 14 - Alaskan 1
TOP OF THE 8TH
Bloomington Longnecks batting - Pitching for Alaskan Humpbacks : RHP Delano Turnipseed
Now at 1B: José López
Batting: RHB Carlos Cardona 0-0: Ball
1-0: SINGLE (Groundball, 6MD)
Batting: LHB Luis Velázquez 0-0: Ball
1-0: Foul Ball, location: 2F
1-1: Fly out, F6 (Popup, 5D)
Batting: SHB Benedict Patel 0-0: Fly out, F4 (Line Drive, 4)
Batting: RHB Frank Crocker 0-0: Swinging Strike
0-1: Ball
1-1: DOUBLE (Flyball, 78M)
Carlos Cardona to third
Batting: LHB Shang-de Zhang 0-0: Ball
1-0: SINGLE (Line Drive, 4M)
Carlos Cardona scores
Frank Crocker to third
Batting: RHB Gabrio Campoverde 0-0: Ball
1-0: Foul Ball, location: 2F
1-1: Ball
2-1: Foul Ball, location: 2F
2-2: Reached on error, E6 (Groundball, 6S)
Frank Crocker scores
Shang-de Zhang to second
Batting: RHB Sean Davis 0-0: Ball
1-0: Swinging Strike
1-1: Foul Ball, location: 2F
1-2: Ball
2-2: Ball
3-2: Foul Ball, location: 2F
3-2: Foul Ball, location: 2F
3-2: Fly out, F9 (Flyball, 9LMF)
Top of the 8th over - 2 run(s), 3 hit(s), 1 error(s), 2 left on base; Bloomington 16 - Alaskan 1
BOTTOM OF THE 8TH
Alaskan Humpbacks batting - Pitching for Bloomington Longnecks : RHP Richard Sykes
Batting: LHB Miguel Martínez 0-0: Ball
1-0: SINGLE (Flyball, 7LM)
Batting: RHB Thom Beach 0-0: Ball
1-0: Fly out, F5 (Line Drive, 5L)
Batting: RHB Sacha Nieuwenburg 0-0: Called Strike
0-1: Foul Ball, location: 2F
0-2: Strikes out looking
Batting: RHB Urs van Munster 0-0: Fielders Choice at 2nd, 6-4 (Groundball, 6)
Bottom of the 8th over - 0 run(s), 1 hit(s), 0 error(s), 0 left on base; Bloomington 16 - Alaskan 1
TOP OF THE 9TH
Bloomington Longnecks batting - Pitching for Alaskan Humpbacks : RHP Delano Turnipseed
Batting: SHB Eddie Ménard 0-0: Foul Ball, location: 2F
0-1: Ball
1-1: Foul Ball, location: 2F
1-2: Ball
2-2: Strikes out swinging
Pinch Hitting: RHB Darrell Terwey 0-0: Called Strike
0-1: Ball
1-1: Ball
2-1: Fly out, F8 (Flyball, 8RM)
Batting: RHB Carlos Cardona 0-0: Ball
1-0: Ball
2-0: Ball
3-0: Called Strike
3-1: Called Strike
3-2: Foul Ball, location: 2F
3-2: Foul Ball, location: 2F
3-2: DOUBLE (Line Drive, 7LM)
Batting: LHB Luis Velázquez 0-0: Ball
1-0: Called Strike
1-1: Swinging Strike
1-2: Ball
2-2: Ball
3-2: Base on Balls
Batting: SHB Benedict Patel 0-0: Called Strike
0-1: Ball
1-1: Called Strike
1-2: Strikes out swinging
Top of the 9th over - 0 run(s), 1 hit(s), 0 error(s), 2 left on base; Bloomington 16 - Alaskan 1
BOTTOM OF THE 9TH
Alaskan Humpbacks batting - Pitching for Bloomington Longnecks : RHP Richard Sykes
Now at 1B: Eugene Bentley
Now in LF: Darrell Terwey
Batting: RHB Jack Peck 0-0: Called Strike
0-1: SOLO HOME RUN (Line Drive, 89XD), Distance : 427 ft
Batting: SHB Kai-xi Choe 0-0: Ball
1-0: Foul Ball, location: 2F
1-1: Swinging Strike
1-2: Strikes out swinging
Batting: RHB José López 0-0: Called Strike
0-1: Ball
1-1: Ball
2-1: Swinging Strike
2-2: Fly out, F4 (Popup, 4S)
Batting: LHB Kelly Drijver 0-0: Ball
1-0: Called Strike
1-1: Ball
2-1: Called Strike
2-2: Ground out 4-3 (Groundball, 4)
Bottom of the 9th over - 1 run(s), 1 hit(s), 0 error(s), 0 left on base; Bloomington 16 - Alaskan 2
Tuesday, September 5th, 2017 - OOTP Baseball 17.12 Build 75